 Dungeon Crawl Stone Soup version 0.24.0-28-g17ded55e90 (webtiles) character file.

Game seed: 14986268256415432802, levelgen mode: deterministic

2116 Delamore the Cleaver (level 9, -2/105 HPs)
             Began as a Hill Orc Fighter on Nov 11, 2019.
             Was an Elder of Trog.
             Slain by an orc warrior
             ... wielding a +0 glaive
              (11 damage)
             ... on level 7 of the Dungeon.
             The game lasted 00:08:41 (5046 turns).

Delamore the Cleaver (Hill Orc Fighter)             Turns: 5046, Time: 00:08:42

Health: -2/105     AC: 12    Str: 27    XL:     9   Next: 29%
Magic:  9/9        EV:  7    Int:  8    God:    Trog [****..]
Gold:   256        SH: 10    Dex: 10    Spells: 8/8 levels left

rFire    . . .     SeeInvis +   a - +1 war axe
rCold    + . .     Gourm    .   c - +0 shield
rNeg     . . .     Faith    .   B - +2 scale mail {rC+}
rPois    .         Spirit   .   w - +2 hat
rElec    .         Reflect  .   (no cloak)
rCorr    .         Harm     .   (no gloves)
MR       .....                  l - +0 pair of boots
Stlth    ..........             q - amulet of regeneration
HPRegen  0.67/turn              g - ring of see invisible
MPRegen  0.11/turn              s - ring of stealth

@: berserking, very quick
A: no striking features
a: Berserk, Trog's Hand, Brothers in Arms, Renounce Religion


You were on level 7 of the Dungeon.
You worshipped Trog.
Trog was greatly pleased with you.
You were near starving.

You visited 1 branch of the dungeon, and saw 7 of its levels.

You collected 256 gold pieces.

Inventory:

Hand Weapons
 a - a +1 war axe (weapon)
 b - a +0 battleaxe
Armour
 c - a +0 shield (worn)
 l - a +0 pair of boots (worn)
 w - a +2 hat (worn)
 y - a +0 plate armour
 B - a +2 scale mail of cold resistance (worn)
Jewellery
 e - an uncursed ring of flight
 g - a ring of see invisible (left hand)
 m - an uncursed ring of magical power
 q - an amulet of regeneration (around neck)
 s - a ring of stealth (right hand)
Wands
 x - a wand of iceblast (8)
 A - a wand of digging (5)
Scrolls
 h - 5 scrolls of identify
 j - 2 scrolls of remove curse
 k - 2 scrolls of fog
 p - 3 scrolls of teleportation
 r - 2 scrolls of fear
Potions
 d - 3 potions of might
 i - 2 potions of brilliance
 n - 3 potions of curing {unknown}
 o - 2 potions of haste {unknown}
 t - a potion of cancellation {unknown}
 u - 2 potions of heal wounds
 v - a potion of ambrosia {unknown}
 z - a potion of degeneration {unknown}
Comestibles
 f - 15 rations


   Skills:
 - Level 3.6 Fighting
 + Level 14.9 Axes
 - Level 3.2 Armour
 - Level 3.2 Shields


You had 8 spell levels left.
You didn't know any spells.
Your spell library was empty.

Dungeon Overview and Level Annotations

Branches:
Dungeon (7/15)             Temple (0/1) D:4

Altars:
Ashenzari
Fedhas
Sif Muna
Trog
Vehumet
Yredelemnul
Zin

Shops:
D:4 %


Message History

The orc warrior hits you from afar with a +0 glaive.
* * * LOW HITPOINT WARNING * * *
You block the orc wizard's attack.
You slice the orc wizard!!
You kill the orc wizard!
Trog accepts your kill.
You can now call in reinforcements.
Trog appreciates your killing of a magic user.
You hit the orc.
You kill the orc!
Trog accepts your kill.
The orc warrior hits you from afar with a +0 glaive!
* * * LOW HITPOINT WARNING * * *
A red film seems to cover your vision as you go berserk!
You feel yourself moving faster!
You feel mighty!
You are near starving!
The orc wizard gestures wildly while chanting.
The orc wizard seems to speed up.
You feel a strong urge to attack something.
The orc warrior hits you with a +0 glaive!
You die...

.. #.. ..#..
....# .#..
....## ...
.....## #..
......# #..
....... .
#.o##....... ..
#..@))......
...##..).......#
................
................
...........#.###
.......<...# .#
.......#.....##
.......#..#...#
.......#..###.#


You could see an orc warrior.

Vanquished Creatures
  Sigmund (D:2)
  Menkaure (D:5)
  Duvessa (D:6)
  An orc warrior (D:6)
  An ice beast (D:5)
  2 ogres (D:5)
  2 phantoms
  2 centaurs (D:6)
  A bullfrog (D:6)
  Dowan (D:6)
  A scorpion (D:6)
  4 killer bees (D:4)
  2 howler monkeys (D:4)
  3 crimson imps
  An orc priest (D:4)
  A bullfrog skeleton (D:4)
  3 worker ants
  An iguana (D:6)
  6 orc wizards
  3 gnolls (D:4)
  6 adders
  A shadow imp (D:5)
  An adder skeleton (D:6)
  5 worms
  A dart slug (D:2)
  A leopard gecko (D:6)
  19 orcs
  3 ball pythons
  A bat (D:1)
  4 giant cockroaches
  4 goblins
  6 hobgoblins
  19 jackals
  5 kobolds
  A quokka (D:4)
  3 frilled lizards
  2 leopard gecko zombies
  A quokka skeleton (D:5)
  5 rats
126 creatures vanquished.

Notes
Turn   | Place    | Note
-------+----------+-------------------------------------------
     0 | D:1      | Delamore the Hill Orc Fighter began the quest for the Orb.
     0 | D:1      | Reached XP level 1. HP: 19/19 MP: 1/1
    52 | D:1      | Reached skill level 3 in Axes
   138 | D:1      | Reached XP level 2. HP: 25/26 MP: 2/2
   568 | D:2      | Reached skill level 4 in Axes
   867 | D:2      | Found a faded altar of an unknown god.
   906 | D:2      | Reached XP level 3. HP: 26/31 MP: 3/3
   929 | D:2      | Became a worshipper of Trog the Wrathful
   929 | D:2      | Reached * piety under Trog
   960 | D:2      | Found a blossoming altar of Fedhas.
  1265 | D:2      | Reached skill level 5 in Axes
  1353 | D:2      | Noticed Sigmund
  1369 | D:2      | HP: 1/31 [something (6)]
  1385 | D:2      | Killed Sigmund
  1385 | D:2      | Reached skill level 7 in Axes
  1385 | D:2      | Reached XP level 4. HP: 16/39 MP: 4/4
  1385 | D:2      | Reached XP level 5. HP: 18/45 MP: 5/5
  1705 | D:3      | Found a radiant altar of Vehumet.
  2034 | D:3      | Reached ** piety under Trog
  2040 | D:3      | Reached skill level 8 in Axes
  2040 | D:3      | Reached XP level 6. HP: 50/51 MP: 6/6
  2620 | D:4      | Reached skill level 9 in Axes
  2659 | D:4      | Noticed a phantom
  2676 | D:4      | Killed a phantom
  2676 | D:4      | Reached XP level 7. HP: 54/57 MP: 7/7
  2717 | D:4      | Found Gousei's Food Shoppe.
  2750 | D:4      | Found a staircase to the Ecumenical Temple.
  2789 | D:4      | Reached skill level 10 in Axes
  2798 | D:4      | Reached *** piety under Trog
  3300 | D:4      | Reached skill level 11 in Axes
  3552 | D:5      | Entered Level 5 of the Dungeon
  3575 | D:5      | Reached XP level 8. HP: 46/64 MP: 8/8
  3685 | D:5      | Reached skill level 12 in Axes
  4030 | D:5      | Noticed Menkaure
  4036 | D:5      | Killed Menkaure
  4302 | D:5      | Reached skill level 13 in Axes
  4426 | D:6      | Got an ichor-stained leather armour
  4437 | D:6      | Identified the cursed +1 leather armour of Hedging {Str+2}
                  | (You found it on level 6 of the Dungeon)
  4566 | D:6      | Noticed Dowan
  4567 | D:6      | Noticed Duvessa
  4578 | D:6      | Killed Duvessa
  4581 | D:6      | Reached skill level 14 in Axes
  4581 | D:6      | Reached XP level 9. HP: 70/70 MP: 9/9
  4590 | D:6      | Killed Dowan
  4590 | D:6      | Reached **** piety under Trog
  4648 | D:6      | Found a shattered altar of Ashenzari.
  4649 | D:6      | Found a glowing silver altar of Zin.
  4812 | D:6      | Found a basalt altar of Yredelemnul.
  4913 | D:6      | Found a shimmering blue altar of Sif Muna.
  5046 | D:7      | Slain by an orc warrior

Levels and vault maps discovered:
D:1:      psy_arrival_conway, layout_rooms
D:2:      layout_loops_cross, overflow_temple_1_default,
          chequers_ecumenical_altar_grove, uniq_sigmund
D:3:      minmay_spotlight, layout_basic, vehumet_crystals
D:4:      layout_basic, temple_doors_e, serial_shops, shop
D:5:      layout_basic, first_ration, uniq_menkaure
D:6:      layout_cave_pools, grunt_temple_overflow_open,
          yredelemnul_altar_generic, serial_bayou_lagoon_a,
          lemuel_blue_sif_altar, uniq_duvessa
D:7:      layout_cave_pools, gammafunk_ghost_berserking_beasts,
          nrook_mini_backslash, the_bakery, grunt_decor_mini_mirrors,
          evilmike_ruin_ashenzari

Skill      XL: |  1  2  3  4  5  6  7  8 |
---------------+-------------------------+-----
Axes           | 3 4 7 8 9 11 14 | 14.9
Fighting       | |  3.6
Armour         | |  3.2
Shields        | |  3.2

Action                   |  1- 3 |  4- 6 |  7- 9 || total
-------------------------+-------+-------+-------++-------
Melee: War axe           |    90 |   117 |   259 ||   466
Invok: Berserk           |       |       |     5 ||     5
       Trog's Hand       |       |       |     2 ||     2
  Use: Scroll            |     4 |     5 |     2 ||    11
       Potion            |     2 |       |       ||     2
  Eat: Chunk             |     1 |     1 |     9 ||    11
       Ration            |       |     1 |     1 ||     2
Armor: Scale mail        |    40 |    40 |    84 ||   164
       Leather armour    |       |       |     5 ||     5
Dodge: Dodged            |    27 |    27 |    64 ||   118
Block: Shield            |    50 |    51 |   108 ||   209
